Construct Section Command Post
Selects Air and Sea Battlegroup
Construct Platoon Command Post
Selects Commando Section Paradrop
6-pounder Anti-tank Gun Team
Selects M1 Pack Howitzer Paradrop
M1 Pack Howitzer Paradrop
M1 Pack Howitzer Paradrop
Construct Company Command Post
Selects Incendiary Bombing Run
Unlock M3 Grant Medium Tanks
M1 Pack Howitzer Paradrop
Selects Centaur Medium Tank
Commando Section Paradrop